 Dungeon Crawl Stone Soup version 0.27.1-33-g824d729ab1 (webtiles) character file.

Game seed: 3399505531568738646

863 alasdair19 the Slasher (level 7, -3/61 HPs)
             Began as a Minotaur Fighter on Dec 12, 2021.
             Was an Initiate of Okawaru.
             Slain by a water moccasin (8 damage)
             ... on level 5 of the Dungeon.
             The game lasted 00:09:25 (4755 turns).

alasdair19 the Slasher (Minotaur Fighter)           Turns: 4755, Time: 00:09:26

Health: -3/61      AC:  7    Str: 22    XL:     7   Next: 72%
Magic:  6/6        EV:  8    Int:  6    God:    Okawaru [......]
Gold:   193        SH: 10    Dex:  9    Spells: 6/6 levels left

rFire    . . .     SeeInvis .   a - +0 long sword
rCold    . . .     Faith    .   c - +0 kite shield
rNeg     + . .     Spirit   .   b - +0 scale mail
rPois    .         Reflect  .   (helmet restricted)
rElec    .         Harm     .   (no cloak)
rCorr    .         Rampage  .   (no gloves)
Will     .....                  (no boots)
Stlth    ..........             (no amulet)
HPRegen  0.20/turn              l - ring of positive energy
MPRegen  0.10/turn              (no ring)

@: lethally poisoned (-3 -> -6)
A: horns 2, retaliatory headbutt
a: Renounce Religion


You were on level 5 of the Dungeon.
You worshipped Okawaru.
Okawaru was noncommittal.
You visited 1 branch of the dungeon, and saw 5 of its levels.

You collected 193 gold pieces.

Inventory:

Hand Weapons
 a - a +0 long sword (weapon)
Missiles
 d - a throwing net
 k - 26 poisoned darts (quivered)
Armour
 b - a +0 scale mail (worn)
 c - a +0 kite shield (worn)
Jewellery
 l - a ring of positive energy (left hand)
Scrolls
 g - 2 scrolls of teleportation {unknown}
 i - a scroll of fog {unknown}
 j - a scroll of enchant armour {unknown}
 m - 3 scrolls of amnesia
 n - 2 scrolls of magic mapping {unknown}
 q - a scroll of vulnerability {unknown}
Potions
 e - a potion of brilliance
 o - a potion of haste


   Skills:
 + Level 5.3 Fighting
 + Level 6.3 Long Blades
 + Level 3.0 Throwing
 + Level 6.0 Armour
 + Level 5.5 Shields
 * Level 1.0 Invocations


You had 6 spell levels left.
You didn't know any spells.
Your spell library contained the following spells:

 Spells                   Type           Power      Damage    Failure   Level
 Ensorcelled Hibernation  Hex/Ice        0%         N/A       99%         2
 Spider Form              Tmut/Pois      0%         N/A       100%        3
 Conjure Ball Lightning   Conj/Air       0%         3x3d6     100%        6
 Shadow Creatures         Summ           N/A        N/A       100%        6
 Discord                  Hex            0%         N/A       100%        8
 Disjunction              Tloc           0%         N/A       100%        8


Dungeon Overview and Level Annotations

Branches:
Dungeon (5/15)
 Temple: D:4-7

Altars:
Elyvilon
Okawaru
Trog

Shops:
D:2 :


Innate Abilities, Weirdness & Mutations

You have a pair of horns on your head.
You reflexively headbutt those who attack you in melee.


Message History

The water moccasin is heavily wounded.
You feel sick. You block the water moccasin's attack.
The water moccasin bites you but does no damage.
You barely miss the water moccasin.
The water moccasin is heavily wounded.
You feel sick.
You block the water moccasin's attack. x2
You miss the water moccasin.
The water moccasin is heavily wounded.
You feel sick.
You are no longer poisoned.
You block the water moccasin's attack.
The water moccasin bites you but does no damage.
You closely miss the water moccasin.
The water moccasin is heavily wounded.
The water moccasin bites you!
* * * LOW HITPOINT WARNING * * *
You are lethally poisoned!
The water moccasin poisons you!
The water moccasin bites you but does no damage.
You are confused.
You feel invigorated.
* * * LOW HITPOINT WARNING * * *
You feel very sick.
The water moccasin bites you but does no damage.
There is a lethal amount of poison in your body!
There is a lethal amount of poison in your body!
* * * LOW HITPOINT WARNING * * *
You feel very sick. The water moccasin closely misses you.
You feel less invigorated.
You feel less confused.
* * * LOW HITPOINT WARNING * * *
You feel sick.
The water moccasin bites you but does no damage.
You block the water moccasin's attack.
You feel sick. You block the water moccasin's attack.
* * * LOW HITPOINT WARNING * * *
You feel sick. The water moccasin barely misses you.
The water moccasin bites you!
You die...

..#########
..........#
......###. #####..#
# ##.# ### #.######
#### ....#......##
#..
........?....###.#
..............##@#
$.....$.......##S###
...............Zc..#
...................#
...................#
...................#
[.<...............#
....#............#
...####.........#


You could see a water moccasin, a centaur and a scorpion zombie.

Vanquished Creatures
  2 sky beasts (D:4)
  3 ogres
  Blork the orc (D:5)
  A bullfrog zombie (D:5)
  A jelly (D:4)
  An orc priest (D:5)
  A hound (D:4)
  An iguana (D:4)
  A hound zombie (D:5)
  4 gnolls (D:3)
  5 adders
  5 worms (D:2)
  6 orcs
  4 ball pythons
  9 endoplasms
  A giant cockroach (D:3)
  8 hobgoblins
  2 jackals (D:1)
  A quokka (D:1)
  8 bats
  3 frilled lizards
  14 goblins
  9 kobolds
  A quokka skeleton (D:4)
  4 rats
96 creatures vanquished.

Notes
Turn   | Place    | Note
-------+----------+-------------------------------------------
     0 | D:1      | alasdair19 the Minotaur Fighter began the quest for the
                  | Orb.
     0 | D:1      | Reached XP level 1. HP: 19/19 MP: 0/0
    63 | D:1      | Found a faded altar of an unknown god.
   327 | D:1      | Reached XP level 2. HP: 24/27 MP: 1/1
   790 | D:2      | Reached XP level 3. HP: 33/33 MP: 2/2
  1067 | D:2      | Found Lailitil's Book Shoppe.
  1429 | D:2      | Reached XP level 4. HP: 15/40 MP: 3/3
  2083 | D:3      | Noticed an ogre
  2087 | D:3      | Killed an ogre
  2088 | D:3      | Reached skill level 1 in Throwing
  2088 | D:3      | Reached XP level 5. HP: 24/47 MP: 4/4
  2289 | D:3      | Found a bloodstained altar of Trog.
  2331 | D:3      | Noticed an ogre
  2344 | D:3      | Killed an ogre
  2345 | D:3      | Reached XP level 6. HP: 53/53 MP: 5/5
  2475 | D:3      | Reached skill level 5 in Shields
  2867 | D:4      | Reached skill level 5 in Armour
  3097 | D:4      | Reached skill level 5 in Long Blades
  3103 | D:4      | Reached skill level 5 in Fighting
  3415 | D:4      | Found a white marble altar of Elyvilon.
  3430 | D:4      | Found an iron altar of Okawaru.
  3442 | D:4      | Became a worshipper of Warmaster Okawaru
  3488 | D:4      | Reached XP level 7. HP: 61/61 MP: 6/6
  3824 | D:4      | Identified the +1 robe "Gitesm" {rElec Int+2 Dex+2}
  3972 | D:5      | Entered Level 5 of the Dungeon
  4374 | D:5      | Noticed Blork the orc
  4653 | D:5      | Killed Blork the orc
  4654 | D:5      | Reached skill level 1 in Invocations
  4755 | D:5      | Slain by a water moccasin

Illustrated notes

Levels and vault maps discovered:
D:1:      onia_arrival_pentagram, layout_basic, basic_ecumenical_altar
D:2:      layout_loops_ring, serial_shops, nicolae_square_shop,
          grunt_ministairs_6, kennysheep_generic_room_10
D:3:      layout_loops_ring, lemuel_doored_altar, kennysheep_generic_room_3
D:4:      layout_loops_ring, mainiacjoe_overflow_chevrons,
          mainiacjoe_overflow_paths, minmay_misc_feat_square
D:5:      layout_rooms, mainiacjoe_overflow_alcove_4,
          lemuel_coloured_pillars_altar, corexii_hall_statues_s,
          uniq_blork_the_orc

Skill      XL: |  1  2  3  4  5  6  7 |
---------------+----------------------+-----
Shields        | 4 5 |  5.5
Fighting       | 4 5 |  5.3
Armour         | 4 5 6 |  6.0
Long Blades    | 3 4 5 6 |  6.3
Throwing       | 1 2 3 |  3.0
Invocations    | 1 |  1.0

Action                   |  1- 3 |  4- 6 |  7- 9 || total
-------------------------+-------+-------+-------++-------
Melee: Long sword        |    85 |   124 |    72 ||   281
       Headbutt          |    16 |    15 |    14 ||    45
Throw: Dart              |       |    16 |     5 ||    21
  Use: Potion            |       |     1 |     3 ||     4
       Scroll            |       |     3 |     4 ||     7
Armor: Scale mail        |    45 |    63 |    40 ||   148
Dodge: Dodged            |    21 |    27 |    23 ||    71
Block: Kite shield       |    41 |    76 |    34 ||   151
       Rpst.: Long sword |     4 |     7 |     4 ||    15
